 Dungeon Crawl Stone Soup version 0.31-a0-435-g2c6fae2916 (webtiles) character file.

Game seed: 8858943764369973817

2121 juan097 the Magician (level 9, -8/59 HPs)
             Began as a Djinni Air Elementalist on Aug 1, 2023.
             Was an Initiate of Nemelex Xobeh.
             Mangled by Duvessa
             ... wielding a +0 short sword
              (17 damage)
             ... on level 7 of the Dungeon.
             The game lasted 00:21:28 (6773 turns).

juan097 the Magician (Djinni Air Elementalist)      Turns: 6773, Time: 00:21:29

Health: -8/59      AC:  4    Str:  6    XL:     9   Next: 54%
Gold:   103        EV: 12    Int: 25    God:    Nemelex Xobeh [......] SH:  0 Dex: 13

rFire   + + .        a - +1 dagger (venom)
rCold   . . .        (no shield)
rNeg    + . .        x - +2 robe {rC+}
rPois   ∞            (no helmet)
rElec   .            (no cloak)
rCorr   .            (no gloves)
SInv    .            (boots unavailable)
Will    .....        (no amulet)
Stlth   ++           r - ring of positive energy
HPRegen 0.29/turn    (no ring)
MPRegen 0.00/turn

%: clarity, infuse magic (-9 HP)
@: flying
A: sickness immunity, fire resistance 2, cold vulnerability 1, float, innate
caster, HP casting, extra vitality 1, clarity, clever 1, frail 1
a: Renounce Religion, Draw Escape, Draw Destruction, Draw Summoning


You were on level 7 of the Dungeon.
You worshipped Nemelex Xobeh.
Nemelex Xobeh was noncommittal.
You visited 2 branches of the dungeon, and saw 8 of its levels.
You also visited: Ossuary.

You collected 373 gold pieces.
You spent 270 gold pieces at shops.

Inventory:

Hand Weapons
 a - a +1 dagger of venom (weapon)
Armour
 x - a +2 robe of cold resistance (worn)
Magical Staves
 c - a staff of fire
 y - a staff of earth
Jewellery
 r - a ring of positive energy (left hand)
Wands
 b - a wand of mindburst (2)
 s - a wand of flame (6)
 B - a wand of iceblast (5)
Scrolls
 d - 5 scrolls of immolation {unknown}
 g - 2 scrolls of enchant weapon {unknown}
 h - 8 scrolls of identify {unknown}
 i - 5 scrolls of noise {unknown}
 j - 2 scrolls of vulnerability {unknown}
 l - a scroll of fog
 o - a scroll of blinking {unknown}
 q - 2 scrolls of teleportation {unknown}
 t - a scroll of fear {unknown}
 A - a scroll of enchant armour {unknown}
Potions
 e - 2 potions of mutation
 f - 4 potions of brilliance {unknown}
 k - a potion of invisibility {unknown}
 n - 2 potions of heal wounds {unknown}
 p - a potion of might {unknown}
 u - 3 potions of magic {unknown}
 v - 2 potions of attraction {unknown}
 w - 3 potions of degeneration {unknown}
 z - a potion of ambrosia {unknown}


   Skills:
 - Level 6.0 Fighting
 - Level 2.0 Short Blades
 - Level 2.1 Dodging
 - Level 3.0 Stealth
 * Level 7.8 Spellcasting
 * Level 7.8 Conjurations
 * Level 7.8 Hexes
   Level 0.0 Charms
 * Level 7.8 Summonings
 * Level 7.8 Necromancy
 * Level 7.8 Translocations
 * Level 7.8 Transmutations
 * Level 7.8 Fire Magic
 * Level 7.8 Ice Magic
 * Level 7.8 Air Magic
 * Level 7.8 Earth Magic
 * Level 7.8 Poison Magic


You knew the following spells:

 Your Spells              Type           Power      Damage    Failure   Level
a - Shock                 Conj/Air       100%       1d9       1%          1
b - Static Discharge      Conj/Air       96%        2-6/arc   1%          2
c - Swiftness             Air            48%        N/A       1%          3
d - Airstrike             Air            24%        2d(4-20)  2%          4
e - Necrotise             Necr           100%       1d9       1%          1
f - Searing Ray           Conj           96%        2d7       1%          2
g - Lesser Beckoning      Tloc           96%        N/A       1%          2
h - Cause Fear            Hex            24%        N/A       2%          4
Your spell library was empty.

Dungeon Overview and Level Annotations

Branches:
Dungeon (7/15)             Temple (1/1) D:6         Ossuary (visited)

Altars:
Ashenzari
Cheibriados
Dithmenos
Elyvilon
Fedhas
Gozag
Hepliaklqana
Makhleb
Nemelex Xobeh
Okawaru
Qazlal
Trog
Uskayaw
Wu Jian
Xom
Yredelemnul
Zin
The Shining One

Shops:
D:2 *   D:5 [

Annotations:
D:5 3 runed translucent doors, Dordric's ghost, novice DsSh
D:7 Duvessa


Innate Abilities, Weirdness & Mutations

You are immune to sickness and miasma.
You are immune to poison.
Your flesh is very heat resistant. (rF++)
You are vulnerable to cold. (rC-)
You float through the air rather than walking.
You learn spells naturally, not from books.
Your magical power is your life essence.
You have superior vitality. (+4 MHP)
You possess an exceptional clarity of mind.
Your mind is acute. (Int +4, Str/Dex -1)
You are frail. (-10% HP)


Message History

Duvessa is almost dead.
You are struck by an arc of lightning.
* * * LOW HITPOINT WARNING * * *
The lightning grounds out.
* * * LOW HITPOINT WARNING * * *
Duvessa hits you with a +0 short sword.
* * * LOW HITPOINT WARNING * * *
Duvessa hits you with a +0 short sword!
* * * LOW HITPOINT WARNING * * *
Casting: Static Discharge (safe; 1% risk of failure)
Confirm with . or Enter, or press ? or * to list all spells.
Okay, then.
Casting: Static Discharge (safe; 1% risk of failure)
Confirm with . or Enter, or press ? or * to list all spells.
Aiming: Shock (safe; 1% risk of failure)
Press: ? - help, Shift-Dir - straight line The zap misses Duvessa.
The zap hits Duvessa.
Duvessa is almost dead.
* * * LOW HITPOINT WARNING * * *
Duvessa closely misses you.
Casting: Shock (safe; 1% risk of failure)
Confirm with . or Enter, or press ? or * to list all spells.
Aiming: Shock (safe; 1% risk of failure)
Press: ? - help, Shift-Dir - straight line, f - Duvessa
Aim: Duvessa, wielding a +0 short sword and wearing a +0 leather armour (almost dead, berserk, 77% to hit)
The zap hits Duvessa.
Duvessa is almost dead.
* * * LOW HITPOINT WARNING * * *
Duvessa hits you with a +0 short sword.
* * * LOW HITPOINT WARNING * * *
Duvessa misses you.
Okay, then.
Casting: Shock (safe; 1% risk of failure)
Confirm with . or Enter, or press ? or * to list all spells.
You don't have enough health to cast this spell.
You feel better. Duvessa hits you with a +0 short sword!
* * * LOW HITPOINT WARNING * * *
You feel better. Duvessa hits you with a +0 short sword!
You die...
Your body disappears without a glow.

.#>.###.####.###
......)......... ...
..#..##.####.#####.#
##.##.# ..#.#
#....## #.#.#
###...#### #.#.#####
##.....# #.#.#....
#e###.## #.#.#.###
#@###..###.#.#.###
#........#.......#
#.#####..###.#.#.#
#.. #......#.#.# #.#
#.###..#.#.# #.# #.#
#....#.# #.# #.#
##..##.# #.# #.#
##.# .# #.# #.# .#


You could see Duvessa (berserk).

Vanquished Creatures
  Menkaure (D:6)
  3 ice beasts
  A centaur (D:5)
  A phantom (D:4)
  An elf zombie (Ossuary)
  A gnoll sergeant (D:6)
  A bullfrog (D:6)
  A scorpion (D:6)
  4 wights (D:7)
  Dowan (D:7)
  A howler monkey (D:7)
  5 hounds
  4 jellies
  A gnoll bouda (D:6)
  Terence (D:3)
  A sleepcap (D:5)
  5 iguanas
  6 orc wizards
  4 mummies (Ossuary)
  15 gnolls
  3 adders
  3 white imps (D:6)
  3 ufetubi
  An adder zombie (Ossuary)
  3 dart slugs
  23 orcs
  5 ball pythons
  7 endoplasms
  3 giant cockroaches
  6 goblins
  7 hobgoblins
  2 jackals (D:2)
  12 kobolds
  4 quokkas
  6 bats
  5 frilled lizards
  A gnoll zombie (Ossuary)
  2 goblin zombies (Ossuary)
  A jackal zombie (Ossuary)
  3 kobold zombies (Ossuary)
  An orc zombie (Ossuary)
  5 rats
  2 rat zombies (Ossuary)
166 creatures vanquished.

Notes
Turn   | Place    | Note
-------+----------+-------------------------------------------
     0 | D:1      | juan097 the Djinni Air Elementalist began the quest for the
                  | Orb.
     0 | D:1      | juan097 set off with the following spells memorised: Shock,
                  | Static Discharge, Swiftness, Airstrike.
     0 | D:1      | Reached XP level 1. HP: 15/15 MP: 0/0
   147 | D:1      | Reached XP level 2. HP: 15/21 MP: 0/0
   405 | D:1      | Reached XP level 3. HP: 23/26 MP: 0/0
   405 | D:1      | Learned a level 1 spell: Necrotise
   796 | D:1      | Reached skill level 1 in Fighting
   971 | D:2      | Reached XP level 4. HP: 23/32 MP: 0/0
  1248 | D:2      | Found Atoescha's General Store.
  1278 | D:2      | Bought a scroll of fog for 40 gold pieces
  1470 | D:2      | You are sucked into a shaft and drop 1 floor!
  1668 | D:3      | Reached XP level 5. HP: 28/37 MP: 0/0
  1668 | D:3      | Learned a level 2 spell: Searing Ray
  1681 | D:3      | Noticed Terence
  1995 | D:3      | Killed Terence
  2306 | D:4      | Reached XP level 6. HP: 36/45 MP: 0/0
  2889 | D:4      | Reached XP level 7. HP: 25/50 MP: 0/0
  2889 | D:4      | Learned a level 2 spell: Lesser Beckoning
  3069 | D:5      | Entered Level 5 of the Dungeon
  3075 | D:5      | Reached skill level 1 in Short Blades
  3165 | D:5      | Reached skill level 5 in Spellcasting
  3165 | D:5      | Reached skill level 5 in Conjurations
  3165 | D:5      | Reached skill level 5 in Hexes
  3165 | D:5      | Reached skill level 5 in Summonings
  3165 | D:5      | Reached skill level 5 in Necromancy
  3165 | D:5      | Reached skill level 5 in Translocations
  3165 | D:5      | Reached skill level 5 in Transmutations
  3165 | D:5      | Reached skill level 5 in Fire Magic
  3165 | D:5      | Reached skill level 5 in Ice Magic
  3165 | D:5      | Reached skill level 5 in Air Magic
  3165 | D:5      | Reached skill level 5 in Earth Magic
  3165 | D:5      | Reached skill level 5 in Poison Magic
  3181 | D:5      | Gained mutation: You are dopey. (Int -2) [potion of
                  | mutation]
  3181 | D:5      | Gained mutation: You possess an exceptional clarity of
                  | mind. [potion of mutation]
  3181 | D:5      | Gained mutation: You do not regenerate when monsters are
                  | visible. [potion of mutation]
  3286 | D:5      | Found a runed translucent gate.
  3287 | D:5      | Found a runed translucent gate.
  3288 | D:5      | Found a runed translucent gate.
  3289 | D:5      | Noticed Dordric's ghost (novice DsSh)
  3415 | D:5      | Found a sand-covered staircase.
  3422 | Ossuary  | Entered an ossuary
  3736 | Ossuary  | Reached XP level 8. HP: 49/58 MP: 0/0
  3838 | D:5      | Lost mutation: You do not regenerate when monsters are
                  | visible. [potion of mutation]
  3838 | D:5      | Lost mutation: You are dopey. (Int -2) [potion of mutation]
  3838 | D:5      | Gained mutation: You are frail. (-10% HP) [potion of
                  | mutation]
  3838 | D:5      | Gained mutation: Your mind is acute. (Int +4, Str/Dex -1)
                  | [potion of mutation]
  4259 | D:5      | Found Goutuf's Armour Shoppe.
  4952 | D:6      | Noticed Menkaure
  5070 | D:5      | Bought a +2 robe of cold resistance for 230 gold pieces
  5193 | D:6      | Killed Menkaure
  5194 | D:6      | Reached skill level 5 in Fighting
  5528 | D:6      | Reached XP level 9. HP: 49/58 MP: 0/0
  5528 | D:6      | Learned a level 4 spell: Cause Fear
  5780 | D:6      | Found a staircase to the Ecumenical Temple.
  5823 | Temple   | Entered the Ecumenical Temple
  5876 | Temple   | Became a worshipper of Nemelex Xobeh the Trickster
  6751 | D:7      | Noticed Duvessa
  6751 | D:7      | Noticed Dowan
  6767 | D:7      | Killed Dowan
  6771 | D:7      | HP: 1/59 [Duvessa/+0 short sword (2)]
  6773 | D:7      | Mangled by Duvessa

Illustrated notes

Levels and vault maps discovered:
D:1:      sevenhm_arrival_forest_fort_large_2, layout_rooms
D:2:      layout_basic, basic_altar, serial_shops, shop
D:3:      layout_loops_cross, uniq_terence
D:4:      layout_loops_ring
D:5:      layout_loops_corners, nicolae_ossuary_entry_monument,
          gammafunk_ghost_nasty_kobolds, serial_shops,
          nicolae_shop_real_fake_doors, wad_floor_pattern_2
D:6:      layout_basic, minmay_temple_entry_offerings, serial_bayou_pond_d,
          uniq_menkaure
D:7:      layout_basic, uniq_maggie, uniq_duvessa
Temple:   mainiacjoe_temple_cubbyholes

Skill      XL: |  1  2  3  4  5  6  7  8  9 |
---------------+----------------------------+-----
Spellcasting   | 4 5 6 7 |  7.8
Conjurations   | 4 5 6 7 |  7.8
Hexes          | 4 5 6 7 |  7.8
Summonings     | 4 5 6 7 |  7.8
Necromancy     | 4 5 6 7 |  7.8
Translocations | 4 5 6 7 |  7.8
Transmutations | 4 5 6 7 |  7.8
Fire Magic     | 4 5 6 7 |  7.8
Ice Magic      | 4 5 6 7 |  7.8
Air Magic      | 4 5 6 7 |  7.8
Earth Magic    | 4 5 6 7 |  7.8
Poison Magic   | 4 5 6 7 |  7.8
Stealth        | 2 3 |  3.0
Fighting       | 1 2 3 5 6 |  6.0
Short Blades   | 2 |  2.0
Dodging        | |  2.1

Action                     |  1- 3 |  4- 6 |  7- 9 || total
---------------------------+-------+-------+-------++-------
  Melee: Dagger            |       |     3 |     9 ||    12
   Cast: Shock             |    75 |   117 |   145 ||   337
         Static Discharge  |     1 |     2 |     3 ||     6
         Searing Ray       |       |     4 |     3 ||     7
         Airstrike         |       |     1 |    43 ||    44
         Swiftness         |       |       |     2 ||     2
         Cause Fear        |       |       |     1 ||     1
    Use: Potion            |       |       |     7 ||     7
   Stab: Sleeping          |       |     1 |     2 ||     3
 Armour: Robe              |     1 |     3 |     8 ||    12
  Dodge: Dodged            |    10 |    16 |    54 ||    80

Table legend: (Time is in decaauts)
 A = Elapsed time spent in this place.
 B = Non-inter-level travel time spent in this place.
 C = Inter-level travel time spent in this place.
 D = Time resting spent in this place.
 E = Time spent auto-exploring this place.
 F = Levels seen in this place.
 G = Mean time per level.
                   A        B        C        D        E       F      G
               +--------+--------+--------+--------+--------+-----+--------+
         Total |   6778 |   6279 |    499 |    348 |   4660 |   9 |  753.1 |
       Dungeon |   6261 |   5860 |    401 |    212 |   4491 |   7 |  894.4 |
        Temple |    102 |      4 |     98 |      0 |      2 |   1 |  102.0 |
       Ossuary |    413 |    413 |      0 |    136 |    167 |   1 |  413.0 |
               +--------+--------+--------+--------+--------+-----+--------+

Top non-repeatable levels by time:
     D:5: 1408 daAuts
     D:6: 1150 daAuts
     D:1: 1018 daAuts
     D:4: 868 daAuts
     D:3: 810 daAuts
     D:2: 507 daAuts
     D:7: 497 daAuts
 Ossuary: 413 daAuts
  Temple: 102 daAuts
